 Dungeon Crawl Stone Soup version 0.31-a0-819-gf6de2f5ab6 (webtiles) character file.

Game seed: 8855667612714449324

267 Leeroy the Changeling (level 6, -1/43 HPs)
             Began as a Merfolk Shapeshifter on Sept 23, 2023.
             Slain by a black bear (11 damage)
             ... on level 5 of the Dungeon.
             The game lasted 00:02:17 (2186 turns).

Leeroy the Changeling (Merfolk Shapeshifter)        Turns: 2186, Time: 00:02:18

Health: -1/43      AC:  2    Str: 16    XL:     6   Next: 21%
Magic:  6/6        EV: 12    Int:  9    God:
Gold:   87         SH:  0    Dex: 14    Spells: 5/5 levels left

rFire   . .          .
                       - Unarmed
rCold   . . .        (no shield)
rNeg    . . .        a - +0 animal skin
rPois   .            (helmet currently unavailable)
rElec   .            (cloak currently unavailable)
rCorr   .            (gloves currently unavailable)
SInv    .            (boots currently unavailable)
Will    .....        (no amulet)
Stlth   +            (no ring)
HPRegen 0.27/turn    (no ring)
MPRegen 0.10/turn

%: no passive effects
@: beast-form
A: beast (slay +4), (nimble swimmer 2), mertail
a: Begin Untransformation


You were on level 5 of the Dungeon.
You were a hulking beast.
You visited 1 branch of the dungeon, and saw 4 of its levels.

You collected 87 gold pieces.

Inventory:

Armour
 a - a +0 animal skin (worn)
Talismans
 c - a beast talisman (active)
 d - a flux talisman
Scrolls
 g - a scroll of identify
 i - a scroll of silence
Potions
 b - a potion of lignification
 e - a potion of enlightenment {unknown}
 f - a potion of invisibility {unknown}
 h - a potion of heal wounds
 j - 2 potions of brilliance {unknown}
 k - a potion of ambrosia {unknown}
 l - 2 potions of attraction {unknown}
 o - 2 potions of curing {unknown}


   Skills:
 - Level 1.1 Fighting
 - Level 2.6 Dodging
 - Level 5.0 Unarmed Combat
 + Level 7.1 Shapeshifting


You had 5 spell levels left.
You didn't know any spells.
Your spell library contained the following spells:

 Spells                   Type           Power      Damage    Failure   Level
 Kiss of Death            Conj/Necr      0%         2d5       38%         1
 Confusing Touch          Hex            0%         N/A       77%         3
 Dispel Undead            Necr           0%         3d6       99%         4


Dungeon Overview and Level Annotations

Branches:
Dungeon (3/15)

Altars:


Innate Abilities, Weirdness & Mutations

You are a hulking beast.
Your limbs bulge with bestial killing power. (Slay +4)
((You are very nimble when in or above water. (Stealth+, EV+, Speed+++)))
Your lower body shifts to a powerful aquatic tail in water.


Message History

No target in view!
No target in view!
No target in view!
No target in view!
HP restored.
Found a robe.
You see here a staff of earth.
You now have 87 gold pieces (gained 12).
A black bear comes into view.
A black bear is nearby!
The black bear growls angrily.
Something shouts, "Begone, thou quaking ruttish blabberskite!"
You start waiting.
A black bear is nearby!
You enter a teleport trap!
The teleport trap disappears.
Your surroundings suddenly seem different.
Okay, then.
Okay, then.
Okay, then.
Okay, then.
You hit the black bear but do no damage.
You punch the black bear!
The black bear is moderately wounded.
The black bear closely misses you. The black bear claws you. x2
You hit the black bear.
The black bear is heavily wounded.
The black bear closely misses you. The black bear misses you.
The black bear claws you.
You punch the black bear!
The black bear is severely wounded.
The black bear bites you! The black bear claws you. x2
You hit the black bear but do no damage.
The black bear is severely wounded.
The black bear goes berserk!
You hit the black bear.
The black bear is almost dead.
The black bear bites you. The black bear claws you.
* * * LOW HITPOINT WARNING * * *
The black bear closely misses you. The black bear bites you!
You die...

#############
##.....#.....#
##......[.....##
#..............##
#...............#
#h..............#
#.h.............#
#...............#.
#.................
##....|........#..
###............#..
##....5##.#####.#
. ##.......#..#
...
#.........#.#..
....


You could see a black bear (berserk) and a shadow imp.

Vanquished Creatures
  2 scorpions (D:5)
  A howler monkey (D:5)
  An iguana (D:5)
  4 adders
  A dart slug (D:1)
  3 orcs (D:2)
  5 ball pythons
  5 bats
  An endoplasm (D:2)
  3 giant cockroaches
  5 goblins
  5 hobgoblins
  2 jackals (D:2)
  A quokka (D:5)
  2 kobolds (D:2)
  3 rats
44 creatures vanquished.

Notes
Turn   | Place    | Note
-------+----------+-------------------------------------------
     0 | D:1      | Leeroy the Merfolk Shapeshifter began the quest for the
                  | Orb.
     0 | D:1      | Reached XP level 1. HP: 15/15 MP: 1/1
   171 | D:1      | Reached XP level 2. HP: 21/21 MP: 2/2
   736 | D:2      | Reached XP level 3. HP: 23/26 MP: 3/3
  1245 | D:2      | Reached skill level 5 in Unarmed Combat
  1245 | D:2      | Reached XP level 4. HP: 17/32 MP: 4/4
  1717 | D:3      | You fall into a shaft and drop 2 floors!
  1717 | D:5      | Entered Level 5 of the Dungeon
  1721 | D:5      | Noticed a scorpion
  1731 | D:5      | Noticed a scorpion
  1735 | D:5      | Killed a scorpion
  1736 | D:5      | Reached skill level 5 in Shapeshifting
  1736 | D:5      | Reached XP level 5. HP: 37/37 MP: 5/5
  1739 | D:5      | Reached skill level 6 in Shapeshifting
  1967 | D:5      | Reached skill level 7 in Shapeshifting
  1967 | D:5      | Reached XP level 6. HP: 35/43 MP: 6/6
  2168 | D:5      | Noticed a black bear
  2186 | D:5      | Slain by a black bear

Illustrated notes

Levels and vault maps discovered:
D:1:      tarquinn_simple_flora_water_d, layout_loops_ring, serial_bayou_pond_e
D:2:      layout_basic, serial_aquarium, aquarium_bridge_straight
          [aquarium_subvault_bridge, aquarium_subvault_wall,
          aquarium_subvault_bridge, aquarium_subvault_wall],
          aquarium_bridge_square [aquarium_subvault_bridge,
          aquarium_subvault_wall, aquarium_subvault_bridge,
          aquarium_subvault_wall], aquarium_window_1, aquarium_window_2,
          aquarium_window_1, aquarium_window_fake, aquarium_view_2a,
          aquarium_view_4, aquarium_balcony_3b, guppyfry_early_orc_mine
D:3:      layout_loops_cross, nicolae_overflow_macrodata_refinement,
          gammafunk_temple_overflow_arena, chequers_big_river,
          serial_park_tiny_pond, uniq_terence
D:5:      layout_rooms, zin_scriptorium, gammafunk_ghost_mausoleum,
          dk_vineyard_3, nicolae_titane

Skill      XL: |  1  2  3  4  5 |
---------------+----------------+-----
Unarmed Combat | 4 5 |  5.0
Shapeshifting  | 5 7 |  7.1
Fighting       | |  1.1
Dodging        | |  2.6

Action                     |  1- 3 |  4- 6 || total
---------------------------+-------+-------++-------
  Melee: Unarmed           |    94 |    48 ||   142
         Punch             |     1 |     1 ||     2
    Use: Scroll            |       |     3 ||     3
         Potion            |       |     2 ||     2
   Stab: Sleeping          |     1 |       ||     1
 Armour: Animal skin       |    42 |    28 ||    70
         Skin              |       |     5 ||     5
  Dodge: Dodged            |    60 |    25 ||    85

Table legend: (Time is in decaauts)
 A = Elapsed time spent in this place.
 B = Non-inter-level travel time spent in this place.
 C = Inter-level travel time spent in this place.
 D = Time resting spent in this place.
 E = Time spent auto-exploring this place.
 F = Levels seen in this place.
 G = Mean time per level.
                   A        B        C        D        E       F      G
               +--------+--------+--------+--------+--------+-----+--------+
         Total |   2171 |   2132 |     39 |    280 |   1543 |   4 |  542.8 |
       Dungeon |   2171 |   2132 |     39 |    280 |   1543 |   4 |  542.8 |
               +--------+--------+--------+--------+--------+-----+--------+

Top non-repeatable levels by time:
     D:2: 963 daAuts
     D:1: 681 daAuts
     D:5: 465 daAuts
     D:3: 61 daAuts
